 Dungeon Crawl Stone Soup version 0.27.1-34-g3ba077fa99 (console) character file.

Game seed: 16657391308260271922

49 Banquo the Chopper (level 4, -19/35 HPs)
             Began as a Djinni Chaos Knight on Jan 6, 2022.
             Was a Plaything of Xom.
             Demolished by a komodo dragon (shapeshifter) (21 damage)
             ... on level 2 of the Dungeon.
             The game lasted 00:03:42 (1502 turns).

Banquo the Chopper (Djinni Chaos Knight)            Turns: 1502, Time: 00:03:44

Health: -19/35     AC:  6    Str: 11    XL:     4   Next: 1%
Gold:   61         EV: 11    Int: 14    God:    Xom [..*...] SH:  0 Dex: 13

rFire    + + .     SeeInvis .   a - +0 hand axe (chaos)
rCold    x . .     Faith    .   (no shield)
rNeg     . . .     Spirit   .   d - +2 leather armour
rPois    ∞         Reflect  .   h - +0 helmet
rElec    .         Harm     .   (no cloak)
rCorr    .         Rampage  .   (no gloves)
Will     .....                  (boots unavailable)
Stlth    +.........             (no amulet)
HPRegen  0.11/turn              (no ring)
MPRegen  0.00/turn              (no ring)

@: flying
A: sickness immunity, fire resistance 2, cold vulnerability 1, float, innate
caster, hp casting, extra vitality 1
a: Renounce Religion


You were on level 2 of the Dungeon.
You worshipped Xom.
You were a toy of Xom.
You visited 1 branch of the dungeon, and saw 2 of its levels.

You collected 61 gold pieces.

Inventory:

Hand Weapons
 a - a +0 hand axe of chaos (weapon)
 g - a +0 hunting sling of freezing
 i - a +0 spear
Missiles
 b - 40 stones (quivered)
 j - a throwing net
 m - 2 boomerangs
 n - 16 sling bullets
Armour
 d - a +2 leather armour (worn)
 e - a +1 hat
 h - a +0 helmet (worn)
Scrolls
 c - a scroll of identify {unknown}
 f - a scroll of immolation {unknown}
 k - 3 scrolls of enchant weapon {unknown}
 l - a scroll of teleportation {unknown}


   Skills:
 - Level 3.0 Fighting
 * Level 3.5 Axes
 * Level 1.6 Armour
 - Level 2.1 Dodging


You had 2 spell levels left.
You knew the following spells:

 Your Spells              Type           Power      Damage    Failure   Level
a - Animate Skeleton      Necr           0%         N/A       36%         1
Your spell library was empty.

Dungeon Overview and Level Annotations

Branches:
Dungeon (2/15)

Altars:
Xom


Innate Abilities, Weirdness & Mutations

You are immune to sickness and miasma.
You are immune to poison.
Your flesh is very heat resistant. (rF++)
You are vulnerable to cold. (rC-)
You float through the air rather than walking.
You learn spells naturally, not from books.
Your magical power is your life essence.
You have superior vitality. (+4 HP)


Message History

The endoplasm hits you.
You completely miss the endoplasm.
The endoplasm is moderately wounded.
The endoplasm hits you.
You hit the endoplasm but do no damage.
The endoplasm changes into a shapeshifter!
The shapeshifter changes into a polar bear!
You completely miss the polar bear.
You hit the polar bear but do no damage.
The polar bear seems to grow stronger.
The polar bear closely misses you. The polar bear claws you.
The polar bear claws you but does no damage.
You hit the polar bear.
The polar bear is lightly wounded.
The polar bear closely misses you. x2
The polar bear claws you but does no damage.
The polar bear misses you. The polar bear claws you. x2
You closely miss the polar bear.
The polar bear changes into a komodo dragon!
You hit the komodo dragon.
The komodo dragon resists with almost no effort.
The komodo dragon is lightly wounded.
The komodo dragon closely misses you.
You hit the komodo dragon but do no damage.
The komodo dragon is lightly wounded.
The komodo dragon bites you!!
Ouch! That really hurt!
* * * LOW HITPOINT WARNING * * *
Xom thinks this is hilarious!
You hit the komodo dragon. You burn the komodo dragon.
The komodo dragon is lightly wounded.
The komodo dragon misses you.
You hit the komodo dragon but do no damage.
The komodo dragon suddenly seems more agile.
The komodo dragon is lightly wounded.
The komodo dragon hisses menacingly.
The komodo dragon bites you!!
Ouch! That really hurt!
You die...
Xom guffaws!

#........#....#
##........!..... .#.##
...g.....#.....#......
......................
.#.##.##.#..........#
#. .. ......#.#...# #
##. ............####
......l†.......#
#@...# #.# ###....#
#.# #...#### #.#
#...######.########
#...#......#......##
#...'....##..≈≈≈≈...
#...###.....≈≈≈≈≈...
#...# #..#..≈≈≈≈≈≈..
#...# #..#..≈≈≈≈≈≈.#


You could see a komodo dragon shaped shifter (agile).

Vanquished Creatures
  2 worms (D:2)
  A dart slug (D:1)
  A giant cockroach (D:2)
  3 hobgoblins
  4 jackals (D:1)
  5 kobolds (D:1)
  2 quokkas (D:1)
  3 ball pythons (D:1)
  2 bats
  8 frilled lizards
  3 goblins (D:1)
  3 rats (D:1)
37 creatures vanquished.

Vanquished Creatures (others)
  3 fungi (D:1)
  2 plants (D:1)
5 creatures vanquished.

Grand Total: 42 creatures vanquished

Notes
Turn   | Place    | Note
-------+----------+-------------------------------------------
     0 | D:1      | Banquo the Djinni Chaos Knight began the quest for the Orb.
     0 | D:1      | Reached XP level 1. HP: 20/20 MP: 0/0
    35 | D:1      | XOM: divination: detect creatures
   161 | D:1      | Reached XP level 2. HP: 25/25 MP: 0/0
   257 | D:1      | XOM: divination: detect creatures
   293 | D:1      | XOM: cast spell 'Dispersal'
   429 | D:1      | Reached XP level 3. HP: 28/30 MP: 0/0
   429 | D:1      | Learned a level 1 spell: Animate Skeleton
   542 | D:1      | XOM: smoke on damage
   597 | D:1      | XOM: silly message
   698 | D:1      | XOM: silly message
   779 | D:1      | Found a faded altar of an unknown god.
   856 | D:1      | XOM: divination: detect items
   968 | D:1      | XOM: cloud trail
  1146 | D:2      | XOM: stealth player
  1237 | D:2      | XOM: noise
  1395 | D:2      | XOM: noise
  1492 | D:2      | Reached XP level 4. HP: 35/35 MP: 0/0
  1494 | D:2      | Noticed a shapeshifter
  1494 | D:2      | an endoplasm changed into a shapeshifter
  1494 | D:2      | Noticed a polar bear
  1494 | D:2      | a shapeshifter changed into a polar bear
  1498 | D:2      | Noticed a komodo dragon
  1498 | D:2      | a polar bear changed into a komodo dragon
  1502 | D:2      | Demolished by a komodo dragon (shapeshifter)

Illustrated notes

Levels and vault maps discovered:
D:1:      dpeg_arrival_brainrot, layout_loops_ring,
          shapermc_ecumenical_altar_acropolis, serial_glass, glass_columns_a,
          glass_columns_a, minmay_tetromino_l4
D:2:      layout_basic, minmay_lizard_pond, uniq_robin

Skill      XL: |  1  2 |
---------------+-------+-----
Axes           | 3 |  3.5
Fighting       | |  3.0
Armour         | |  1.6
Dodging        | |  2.1

Action                   |  1- 3 |  4- 6 || total
-------------------------+-------+-------++-------
Melee: Hand axe          |   134 |    11 ||   145
Armor: Leather armour    |    47 |     2 ||    49
Dodge: Dodged            |    73 |     6 ||    79
